 Dungeon Crawl Stone Soup version 0.30-a0-1053-gbd8d5ba0ad (webtiles) character file.

Game seed: 11076913853968656779

1120 hwolsky the Magician (level 8, -2/41 HPs)
             Began as a Deep Elf Air Elementalist on Apr 11, 2023.
             Was a Believer of Ashenzari.
             Succumbed to an orc's poison
             ... on level 5 of the Dungeon.
             The game lasted 00:24:24 (4861 turns).

hwolsky the Magician (Deep Elf Air Elementalist)    Turns: 4861, Time: 00:24:24

Health: -2/41      AC:  5    Str:  5    XL:     8   Next: 12%
Magic:  17/28      EV: 18    Int: 23    God:    Ashenzari [**....]
Gold:   183        SH:  4    Dex: 13    Spells: 10/20 levels left

rFire   . . .      SeeInvis +    o - +2 dagger (elec)
rCold   . . .      Faith    .    i - +0 buckler of Ashenzari's Absolutism {Cun, Melee} (curse)
rNeg    . . .      Spirit   .    a - +0 robe
rPois   .          Reflect  .    (no helmet)
rElec   .          Rampage  .    (no cloak)
rCorr   .                        (no gloves)
Will    .....                    c - +0 pair of boots of the Shattered Augur {Bglg, Alch} (curse)
Stlth   +++                      (no amulet)
HPRegen 0.26/turn                d - ring of Toth-Mos's Legacy {MP+9, Evo, Elem} (curse)
MPRegen 0.21/turn                h - ring of the Eternal Mistrust {EV+5, Range, Melee} (curse)

@: lethally poisoned (-2 -> -19)
A: iridescent scales 1, clumsy 1
a: Renounce Religion, Curse Item, Shatter the Chains


You were on level 5 of the Dungeon.
You worshipped Ashenzari.
Ashenzari was pleased with you.
You visited 1 branch of the dungeon, and saw 6 of its levels.

You collected 183 gold pieces.

Inventory:

Hand Weapons
 e - a +0 dagger
 o - a +2 dagger of electrocution (weapon)
Armour
 a - a +0 robe (worn)
 c - the cursed +0 pair of boots of the Shattered Augur (worn) {Bglg, Alch}
   (You found it on level 1 of the Dungeon)

   It has a curse which improves the following skills: Beguiling: Conjurations,
   Hexes and Translocations.
   Alchemy:   Poison Magic and Transmutations.
 i - the cursed +0 buckler of Ashenzari's Absolutism (worn) {Cun, Melee}
   (You found it on level 2 of the Dungeon)

   It has a curse which improves the following skills: Cunning: Dodging and
   Stealth.
   Melee Combat: Short Blades, Long Blades, Axes, Maces & Flails, Polearms,
   Staves and Unarmed Combat.
Jewellery
 d - the cursed ring of Toth-Mos's Legacy (left hand) {MP+9, Evo, Elem}
   (You found it on level 1 of the Dungeon)

   [ring of magical power]

   MP:        It affects your magic capacity (+9).
   It has a curse which improves the following skills: Evocations: Evocations.
   Elements:  Fire Magic, Ice Magic, Air Magic and Earth Magic.
 g - a ring of poison resistance
 h - the cursed ring of the Eternal Mistrust (right hand) {EV+5, Range, Melee}
   (You found it on level 2 of the Dungeon)

   [ring of evasion]

   EV:        It affects your evasion (+5).
   It has a curse which improves the following skills: Ranged Combat: Ranged
   Weapons and Throwing.
   Melee Combat: Short Blades, Long Blades, Axes, Maces & Flails, Polearms,
   Staves and Unarmed Combat.
 v - a ring of positive energy
 w - an amulet of guardian spirit
Wands
 s - a wand of polymorph (4)
Scrolls
 k - 3 scrolls of identify
 l - a scroll of teleportation
 m - 2 scrolls of noise
 p - a scroll of brand weapon
 q - 2 scrolls of vulnerability
 u - 2 scrolls of fear
Potions
 b - a potion of magic
 f - 4 potions of brilliance
 j - 3 potions of curing
 n - a potion of flight
 r - a potion of berserk rage
 t - a potion of haste


   Skills:
 + Level 2.2(3.6) Short Blades
 + Level 4.3(5.4) Dodging
 + Level 4.7(5.8) Stealth
 + Level 1.8 Shields
 * Level 6.5 Spellcasting
 * Level 4.7(5.9) Conjurations
 * Level 5.3(6.4) Air Magic


You had 10 spell levels left.
You knew the following spells:

 Your Spells              Type           Power      Damage    Failure   Level
a - Shock                 Conj/Air       100%       1d9       1%          1
b - Static Discharge      Conj/Air       70%        2-5/arc   1%          2
c - Swiftness             Air            37%        N/A       2%          3
d - Airstrike             Air            18%        2d(3-19)  8%          4

Your spell library contained the following spells:

 Spells                   Type           Power      Damage    Failure   Level
 Necrotise                Necr           28%        1d5       11%         1
 Vampiric Draining        Necr           7%         2d6       32%         3
 Agony                    Necr           7%         N/A       96%         5
 Simulacrum               Ice/Necr       3%         N/A       100%        6
 Ozocubu's Refrigeration  Ice            4%         4d8       100%        7
 Polar Vortex             Ice            4%         N/A       100%        9


Dungeon Overview and Level Annotations

Branches:
Dungeon (6/15)
 Temple: D:4-7

Altars:
Ashenzari
Hepliaklqana
Makhleb
Okawaru
Qazlal
Ru


Innate Abilities, Weirdness & Mutations

You are partially covered in iridescent scales. (AC +2)
You are clumsy. (Dex -2)


Message History

You are too injured to fight recklessly!
You are too injured to fight recklessly!
You are too injured to fight recklessly!
You are too injured to fight recklessly!
You are too injured to fight recklessly!
You are too injured to fight recklessly!
You are too injured to fight recklessly!
You are too injured to fight recklessly!
You are too injured to fight recklessly!
You are too injured to fight recklessly!
You are too injured to fight recklessly!
You are too injured to fight recklessly!
You are too injured to fight recklessly!
You are too injured to fight recklessly!
Casting: Shock (safe; 1% risk of failure)
Confirm with . or Enter, or press ? or * to list all spells.
The orc is struck by an arc of lightning.
The orc is severely wounded.
The orc is struck by an arc of lightning.
The orc is heavily wounded.
You are struck by an arc of lightning.
The orc is struck by an arc of lightning.
The orc is almost dead.
You are struck by an arc of lightning.
The lightning grounds out.
The orc is struck by an arc of lightning.
The orc is heavily wounded.
The orc is struck by an arc of lightning.
You kill the orc!
The lightning grounds out.
* * * LOW HITPOINT WARNING * * *
You feel very sick.
The orc hits you with a +1 hand axe of venom.
* * * LOW HITPOINT WARNING * * *
You are more poisoned.
The orc closely misses you. The orc completely misses you.
* * * LOW HITPOINT WARNING * * *
You feel very sick. The orc misses you. The orc barely misses you.
You block the orc's attack.
You climb upwards.
You die...

#(...######.....##.....†
##.......#......###.....
##..##..........###...#
#...#.....>.....######
#..###.####....##.##.#
##......##...###......
#....#.#.....###......
######....####..#.......###
##...#.....@.....#...#...##.
#.........ooo..###.>##....##
###..##.......####..........#
##_#####...#..######.###......
#...# #....#.)........#......
####'#####...............#......
##.#...#.##.##..##)..^...........
.(.'.8.'._###...###......<.......
##.#...#.####..####.)......####..


You could see 3 orcs.

Vanquished Creatures
  2 ice beasts
  A gnoll sergeant (D:5)
  A bullfrog (D:5)
  3 scorpions
  3 vampire bats (D:5)
  A howler monkey (D:5)
  A jelly (D:5)
  2 orc priests
  An iguana (D:5)
  2 sleepcaps
  Natasha (thrice) (D:3)
  An orc wizard (D:6)
  8 adders
  4 gnolls
  An ufetubus (D:4)
  A worm (D:3)
  A dart slug (D:3)
  11 orcs
  4 ball pythons
  13 bats
  5 endoplasms
  2 giant cockroaches
  3 goblins
  4 hobgoblins
  6 jackals
  7 kobolds
  3 quokkas
  5 frilled lizards
  3 rats
102 creatures vanquished.

Vanquished Creatures (others)
  2 demonic plants (D:4)
2 creatures vanquished.

Grand Total: 104 creatures vanquished

Notes
Turn   | Place    | Note
-------+----------+-------------------------------------------
     0 | D:1      | hwolsky the Deep Elf Air Elementalist began the quest for
                  | the Orb.
     0 | D:1      | Reached XP level 1. HP: 10/10 MP: 6/6
   329 | D:1      | Reached XP level 2. HP: 15/15 MP: 8/8
   333 | D:1      | Learned a level 2 spell: Static Discharge
  1165 | D:2      | Found a faded altar of an unknown god.
  1195 | D:2      | Prayed at the altar of an unknown god.
  1195 | D:2      | Became a worshipper of Ashenzari the Shackled
  1241 | D:2      | Gained mutation: You are partially covered in iridescent
                  | scales. (AC +2) [potion of mutation]
  1241 | D:2      | Gained mutation: You are mostly covered in iridescent
                  | scales. (AC +4) [potion of mutation]
  1241 | D:2      | Gained mutation: Your spells are a little harder to cast,
                  | but a little more powerful. [potion of mutation]
  1242 | D:2      | Lost mutation: You are mostly covered in iridescent scales.
                  | (AC +4) [potion of mutation]
  1242 | D:2      | Lost mutation: Your spells are a little harder to cast, but
                  | a little more powerful. [potion of mutation]
  1242 | D:2      | Gained mutation: You are clumsy. (Dex -2) [potion of
                  | mutation]
  1275 | D:2      | Reached XP level 3. HP: 13/19 MP: 10/10
  1889 | D:3      | Reached XP level 4. HP: 16/24 MP: 11/11
  1891 | D:3      | Reached skill level 4 in Spellcasting
  1947 | D:3      | Found an iron altar of Okawaru.
  1987 | D:3      | Reached * piety under Ashenzari
  2398 | D:3      | Noticed Natasha
  2404 | D:3      | Killed Natasha
  2651 | D:3      | Noticed Natasha
  2655 | D:3      | Killed Natasha
  2656 | D:3      | Reached XP level 5. HP: 28/28 MP: 13/13
  2659 | D:3      | Reached ** piety under Ashenzari
  2691 | D:3      | Noticed Natasha
  2693 | D:3      | Killed Natasha
  2985 | D:4      | Noticed an ice beast
  2989 | D:4      | Killed an ice beast
  3034 | D:4      | Reached XP level 6. HP: 32/32 MP: 15/15
  3134 | D:4      | Found a sacrificial altar of Ru.
  3134 | D:4      | Found a stormy altar of Qazlal.
  3139 | D:4      | Reached skill level 5 in Spellcasting
  3172 | D:4      | Learned a level 3 spell: Swiftness
  3177 | D:4      | Learned a level 4 spell: Airstrike
  3202 | D:4      | Reached skill level 1 in Short Blades
  3671 | D:4      | Reached skill level 1 in Shields
  3893 | D:5      | Entered Level 5 of the Dungeon
  4075 | D:5      | Reached XP level 7. HP: 36/36 MP: 17/17
  4346 | D:5      | Reached skill level 6 in Spellcasting
  4347 | D:5      | Reached skill level 5 in Air Magic
  4607 | D:5      | Reached XP level 8. HP: 32/41 MP: 19/19
  4753 | D:5      | Found a burning altar of Makhleb.
  4756 | D:5      | Found a hazy altar of Hepliaklqana.
  4759 | D:5      | Found a broken altar of Ashenzari.
  4861 | D:5      | Succumbed to an orc's poison

Illustrated notes

Levels and vault maps discovered:
D:1:      ebering_hopf_link, layout_basic, columned_hall_lemuel,
          minmay_strange_pillars, amcnicky_mini_corridor_feature,
          minmay_tromino_i4
D:2:      layout_loops_cross, shapermc_ecumenical_altar_notcrosses,
          minmay_bisected
D:3:      layout_loops_corners, okawaru_gym_becter, uniq_natasha
D:4:      layout_loops_ring, mainiacjoe_overflow_divided_tiny, serial_demonic,
          serial_demonic_d, serial_demonic_c, serial_demonic_b, serial_demonic_e
D:5:      layout_cave_pools, grunt_temple_overflow_diamond, roderic_batcave
D:6:      layout_cave_pods, serial_undead, serial_undead_c, serial_undead_e,
          serial_undead_b, serial_undead_c, uniq_eustachio

Skill      XL: |  1  2  3  4  5  6  7 |
---------------+----------------------+-----
Stealth        | 3 4 |  4.7
Conjurations   | 2 3 4 |  4.7
Spellcasting   | 4 5 6 |  6.5
Dodging        | 3 4 |  4.3
Air Magic      | 4 5 |  5.3
Short Blades   | 1 2 |  2.2
Shields        | 1 |  1.8

Action                     |  1- 3 |  4- 6 |  7- 9 || total
---------------------------+-------+-------+-------++-------
  Melee: Dagger            |    20 |    14 |       ||    34
   Cast: Shock             |    64 |    99 |    72 ||   235
         Static Discharge  |     4 |       |     1 ||     5
         Airstrike         |       |     2 |       ||     2
 Invoke: Curse Item        |     1 |     3 |       ||     4
    Use: Scroll            |     6 |       |       ||     6
         Potion            |     3 |       |       ||     3
 Armour: Robe              |    12 |     3 |    21 ||    36
  Dodge: Dodged            |    24 |    15 |    66 ||   105
  Block: Buckler           |       |       |    18 ||    18

Table legend: (Time is in decaauts)
 A = Elapsed time spent in this place.
 B = Non-inter-level travel time spent in this place.
 C = Inter-level travel time spent in this place.
 D = Time resting spent in this place.
 E = Time spent auto-exploring this place.
 F = Levels seen in this place.
 G = Mean time per level.
                   A        B        C        D        E       F      G
               +--------+--------+--------+--------+--------+-----+--------+
         Total |   4870 |   4799 |     71 |    226 |   3676 |   6 |  811.7 |
       Dungeon |   4870 |   4799 |     71 |    226 |   3676 |   6 |  811.7 |
               +--------+--------+--------+--------+--------+-----+--------+

Top non-repeatable levels by time:
     D:3: 1098 daAuts
     D:1: 965 daAuts
     D:5: 952 daAuts
     D:2: 932 daAuts
     D:4: 906 daAuts
     D:6: 14 daAuts
